 Dungeon Crawl Stone Soup version 0.29.1-12-g30fa7ad0bf (webtiles) character file.

Game seed: 16193043494597141385

154 wormed the Covered (level 5, -21/33 HPs)
             Began as a Gargoyle Fighter on Dec 24, 2022.
             Demolished by an ogre
             ... wielding a +0 giant club
              (22 damage)
             ... on level 2 of the Dungeon.
             The game lasted 00:03:39 (3161 turns).

wormed the Covered (Gargoyle Fighter)               Turns: 3161, Time: 00:03:39

Health: -21/33     AC: 15    Str: 21    XL:     5   Next: 35%
Magic:  5/5        EV:  7    Int:  9    God:
Gold:   137        SH:  4    Dex:  9    Spells: 4/4 levels left

rFire   . . .      SeeInvis .   a - +0 flail
rCold   + . .      Faith    .   c - +0 buckler
rNeg    + . .      Spirit   .   w - +2 chain mail {rC+}
rPois   ∞          Reflect  .   (no helmet)
rElec   +          Harm     .   (no cloak)
rCorr   .          Rampage  .   (no gloves)
Will    +....                   (no boots)
Stlth   ..........              (no amulet)
HPRegen 0.11/turn               v - ring of willpower
MPRegen 0.09/turn               u - ring of flight

@: flying
A: sickness immunity, AC +4, negative energy resistance 1, electricity
resistance, torment resistance 1, petrification resistance
a: no special abilities


You were on level 2 of the Dungeon.
You visited 1 branch of the dungeon, and saw 4 of its levels.

You collected 137 gold pieces.

Inventory:

Hand Weapons
 a - a +0 flail (weapon)
Armour
 c - a +0 buckler (worn)
 f - an orb of energy
 w - a +2 chain mail of cold resistance (worn)
Jewellery
 u - a ring of flight (right hand)
 v - a ring of willpower (left hand)
Wands
 k - a wand of roots (13)
Scrolls
 b - 2 scrolls of fog {unknown}
 e - 3 scrolls of identify {unknown}
 h - a scroll of fear {unknown}
 q - a scroll of blinking {unknown}
 r - a scroll of noise {unknown}
 s - a scroll of torment {unknown}
 t - 2 scrolls of teleportation {unknown}
Potions
 d - a potion of might
 g - a potion of brilliance {unknown}
 i - a potion of mutation {unknown}
 j - a potion of attraction {unknown}
 l - a potion of heal wounds {unknown}
 m - 2 potions of curing {unknown}
 n - a potion of haste {unknown}
 o - a potion of degeneration {unknown}
 p - 2 potions of lignification {unknown}


   Skills:
 + Level 4.2 Fighting
 * Level 3.1 Maces & Flails
 + Level 4.3 Armour
 + Level 4.2 Shields


You had 4 spell levels left.
You didn't know any spells.
Your spell library contained the following spells:

 Spells                   Type           Power      Damage    Failure   Level
 Summon Small Mammal      Summ           0%         N/A       99%         1
 Call Canine Familiar     Summ           0%         N/A       100%        3
 Summon Guardian Golem    Hex/Summ       0%         N/A       100%        3


Dungeon Overview and Level Annotations

Branches:
Dungeon (4/15)
 Temple: D:4-7

Altars:
Nemelex Xobeh


Innate Abilities, Weirdness & Mutations

You are immune to sickness and miasma.
Your stone body is resilient. (AC +4)
You are immune to poison.
You resist negative energy. (rN+)
You are resistant to electric shocks. (rElec)
You are resistant to unholy torment.
You are immune to petrification.


Message History

You closely miss the ball python.
The ball python bites you but does no damage.
The ball python constricts you. The ball python bites you.
The ball python constricts you.
You closely miss the ball python.
The ball python bites you but does no damage.
The ball python constricts you.
You hit the ball python.
You kill the ball python!
An ogre comes into view. It is wielding a +0 giant club.
The ogre shouts!
An ogre is nearby!
An ogre is nearby!
An ogre is nearby!
A lemure comes into view.
There is a stone staircase leading up here.
You block the ogre's attack.
You fly upwards.
There is a stone staircase leading down here.
You barely miss the ogre. The ogre hits you with a +0 giant club!
You thump the ogre!
The ogre is moderately wounded.
The ogre hits you with a +0 giant club!
There is a stone staircase leading up here.
You fly upwards.
There is a stone staircase leading down here.
You start resting.
HP restored.
You fly downwards.
The ogre hits you with a +0 giant club!
There is a stone staircase leading up here.
The ogre hits you with a +0 giant club.
You fly upwards.
There is a stone staircase leading down here.
The ogre attacks as you move away! The ogre barely misses you.
The ogre hits you with a +0 giant club!
* * * LOW HITPOINT WARNING * * *
The ogre attacks as you move away!
The ogre hits you with a +0 giant club!!
Ouch! That really hurt!
You die...

######### # ##...#...## #
######### ##.........## ##
#.......###...........#
.###.......##............#
...#............@O......>#
##.........####.........##
...........# ##...#...##
####......<### ##.######
.............####.#
####.......#......#
####..#...........##
.......#########...###
.....#.## #.........##


You could see an ogre.

Vanquished Creatures
  An iguana (D:3)
  An orc wizard (D:3)
  A gnoll (D:1)
  2 adders
  A dart slug (D:3)
  3 orcs (D:3)
  9 ball pythons
  5 bats
  6 endoplasms
  5 giant cockroaches
  3 goblins
  7 hobgoblins
  3 jackals (D:1)
  2 quokkas (D:3)
  4 frilled lizards
  6 kobolds
  8 rats
67 creatures vanquished.

Notes
Turn   | Place    | Note
-------+----------+-------------------------------------------
     0 | D:1      | wormed the Gargoyle Fighter began the quest for the Orb.
     0 | D:1      | Reached XP level 1. HP: 14/14 MP: 1/1
    91 | D:1      | Reached XP level 2. HP: 13/19 MP: 2/2
   583 | D:1      | Reached XP level 3. HP: 21/24 MP: 3/3
  1619 | D:2      | Found a faded altar of an unknown god.
  1624 | D:2      | Reached XP level 4. HP: 29/29 MP: 4/4
  1786 | D:3      | Found a sparkling altar of Nemelex Xobeh.
  2145 | D:3      | Reached XP level 5. HP: 25/33 MP: 5/5
  2923 | D:4      | Noticed an ogre
  2925 | D:4      | Noticed a lemure
  3156 | D:2      | HP: 1/33 [ogre/+0 giant club (16)]
  3161 | D:2      | Demolished by an ogre

Illustrated notes

Levels and vault maps discovered:
D:1:      minmay_arrival_four_houses, layout_basic, fountainhead
D:2:      layout_rooms, hellmonk_ecumenical_altar_slurped_away
D:3:      layout_rooms, lemuel_crystal_altar, minivault_26,
          chequers_serial_rivers_large_b
D:4:      layout_cave_pools, serial_shops, shop, minmay_misc_feat_five,
          grunt_ministairs_15, kennysheep_diamond, uniq_ijyb, uniq_natasha,
          uniq_pikel

Skill      XL: |  1  2  3  4  5 |
---------------+----------------+-----
Armour         | 4 |  4.3
Shields        | 4 |  4.2
Fighting       | 4 |  4.2
Maces & Flails | 3 |  3.1

Action                   |  1- 3 |  4- 6 || total
-------------------------+-------+-------++-------
Melee: Flail             |   106 |   116 ||   222
Armor: Scale mail        |    61 |       ||    61
       Chain mail        |     7 |   109 ||   116
Dodge: Dodged            |    54 |    22 ||    76
Block: Buckler           |    35 |    21 ||    56
